 Dungeon Crawl Stone Soup version 0.16-a0-3943-gb4b81e6 (webtiles) character file.

661784 horsemans the Skullcrusher (level 27, -26/268 (273) HPs)
             Began as a Minotaur Fighter on Feb 7, 2015.
             Was a High Priest of Okawaru.
             Killed from afar by an orb of fire (97 damage)
             ... with a fireball
             ... on level 5 of the Realm of Zot on Feb 8, 2015.
             The game lasted 09:59:33 (88530 turns).

horsemans the Skullcrusher (Minotaur Fighter)      Turns: 88530, Time: 09:59:34

HP:   -26/268 (273) AC: 39    Str: 30    XL:     27
MP:   47/47         EV: 29    Int:  5    God:    Okawaru [*****.]
Gold: 6412          SH: 34    Dex: 24    Spells: 2 memorised, 22 levels left

rFire  x . .     SeeInvis .     j - +9 demon whip (elec)
rCold  + . .     Rnd*Rage +     O - +11 plate armour of Inquiry {rElec rF- MR+ Dex+4}
rNeg   + + .     SustAb   .     Z - +5 large shield of Jinkic {rC+}
rPois  +         Gourm    .     o - -1 hat of Parts Unknown {rN+ Dex+5}
rElec  +         Spirit   .     T - +2 cloak
rCorr  .         Warding  +     r - +0 pair of gloves of Trial and Error {rPois+ MP+9 Str-4 Dex+2 Stlth+}
rMut   .         Stasis   .     R - +1 pair of boots {run}
MR     +++..                    g - amulet of warding
Stlth  ..........               P - +3 ring of strength
                                M - ring of poison resistance

@: heroism, finesse, very slightly contaminated, hasted, very quick, extremely
resistant to hostile enchantments, extremely unstealthy
A: retaliatory headbutt, horns 2, berserk 1, screaming 1
a: Heroism, Finesse, Renounce Religion
}: 3/15 runes: decaying, serpentine, silver


You were on level 5 of the Realm of Zot.
You worshipped Okawaru.
Okawaru was extremely pleased with you.
You were not hungry.

You visited 11 branches of the dungeon, and saw 59 of its levels.
You visited the Abyss 1 time.
You also visited: Ice Cave and Wizlab.

You collected 10246 gold pieces.
You spent 3834 gold pieces at shops.

Inventory:

Hand weapons
 a - a +8 morningstar of holy wrath
 j - a +9 demon whip of electrocution (weapon)
Armour
 o - the -1 hat of Parts Unknown (worn) {rN+ Dex+5}
   (Okawaru gifted it to you on level 4 of the Depths)

   It affects your dexterity (+5).
   It protects you from negative energy.
 r - the +0 pair of gloves of Trial and Error (worn) {rPois+ MP+9 Str-4 Dex+2 Stlth+}
   (You acquired it on level 13 of the Dungeon)

   It affects your strength (-4).
   It affects your dexterity (+2).
   It protects you from poison.
   It affects your magic capacity (+9).
   It makes you more stealthy.
 x - a +2 hat of spirit shield
 O - the +11 plate armour of Inquiry (worn) {rElec rF- MR+ Dex+4}
   (You found it on level 3 of the Elven Halls)

   It affects your dexterity (+4).
   It makes you vulnerable to fire.
   It insulates you from electricity.
   It affects your resistance to hostile enchantments.
 R - a +1 pair of boots of running (worn)
 T - a +2 cloak (worn)
 Z - the +5 large shield of Jinkic (worn) {rC+}
   (Okawaru gifted it to you on level 2 of the Swamp)

   It protects you from cold.
Jewellery
 g - an amulet of warding (around neck)
 M - a ring of poison resistance (left hand)
 P - a +3 ring of strength (right hand)
 Q - an uncursed ring of teleport control
Magical devices
 b - a wand of teleportation (3)
 c - a wand of confusion (12)
 f - a wand of confusion (28)
 s - a wand of cold (7)
 t - a wand of hasting (2)
 z - a wand of disintegration (0)
 I - a wand of fireball (0)
 N - a wand of teleportation (4)
 Y - a wand of digging (16)
Scrolls
 i - 29 scrolls of remove curse
 p - 4 scrolls of enchant armour
 y - 4 scrolls of blinking
 E - 2 scrolls of amnesia
 G - a scroll of brand weapon
 K - a scroll of silence
 L - 6 scrolls of identify
 V - 12 scrolls of teleportation
Potions
 e - 2 potions of flight
 h - a potion of agility
 m - 5 potions of restore abilities
 n - a potion of cure mutation
 u - 3 potions of might
 A - 3 potions of berserk rage
 B - 4 potions of brilliance
 C - 3 potions of resistance
 D - 2 potions of cancellation
 F - 2 potions of heal wounds
 H - 14 potions of curing
 J - 7 potions of magic
 U - 2 potions of invisibility
 W - 2 potions of haste
Comestibles
 d - 23 bread rations
 k - 13 beef jerkies
 l - 7 slices of pizza
 q - 18 meat rations
 v - 33 fruits
 S - 5 chunks of flesh


   Skills:
 O Level 27 Fighting
 O Level 27 Maces & Flails
   Level 1.0(23.7) Staves
 + Level 18.2(23.2) Armour
 * Level 17.4(22.4) Dodging
 - Level 0.1(5.1) Stealth
 O Level 27 Shields
 - Level 0.3 Translocations
 - Level 0.1 Air Magic
 + Level 10.3 Invocations
 * Level 17.1 Evocations


You had 22 spell levels left.
You knew the following spells:

 Your Spells              Type           Power        Failure   Level  Hunger
a - Blink                 Tloc           N/A          100%        2    ###....
b - Repel Missiles        Chrm/Air       #.....       100%        2    ###....


Dungeon Overview and Level Annotations

Branches:
Dungeon (15/15)            Temple (1/1) D:5            Lair (8/8) D:10
  Swamp (5/5) Lair:3        Snake (5/5) Lair:6        Slime (0/6) Lair:7
    Orc (4/4) D:9             Elf (3/3) Orc:4        Vaults (5/5) D:13
  Crypt (3/3) Vaults:3       Tomb (0/3) Crypt:3      Depths (5/5) D:15
    Zot (5/5) Depths:5

Altars:
Ashenzari
Cheibriados
Dithmenos
Elyvilon
Fedhas
Gozag
Kikubaaqudgha
Makhleb
Nemelex Xobeh
Okawaru
Qazlal
Ru
Sif Muna
Trog
Vehumet
Xom
Yredelemnul
Zin
The Shining One
Beogh
Jiyva

Shops:
D:11 %   Orc:4 *=*}   Elf:1 :   Elf:2 (   Elf:3 *   Vaults:5 ((

Portals:
Hell: Depths:1 Depths:3 Depths:4 Depths:5
Abyss: Depths:3 Depths:4
Pandemonium: Depths:3
Ziggurat: Depths:1
Trove: D:10 (give 17 potions of curing)

Annotations:
D:15 exclusion: obsidian statue
Swamp:5 exclusion: Roxanne, Roxanne
Depths:5 2 runed doors, exclusion: door
Zot:4 1 exclusion


Innate Abilities, Weirdness & Mutations

You reflexively headbutt those who attack you in melee.
You have a pair of horns on your head.
You tend to lose your temper in combat.
You occasionally shout uncontrollably at your foes.


Message History

The orb of fire glows deep purple.
The fireball explodes!
The fireball engulfs you! The fire burns you terribly!
* * * LOW HITPOINT WARNING * * *
The fireball engulfs the orb of fire.
The orb of fire completely resists.
You miss the orb of fire. You headbutt the orb of fire!
The orb of fire is severely damaged.
Drink which item? (? for menu, Esc to quit)
You feel much better.
The orb of fire glows yellow.
Strange energies course through your body.
You feel a little pissed off.
Drink which item? (? for menu, Esc to quit)
You feel yourself speed up.
The orb of fire glows bright magenta.
The fireball explodes!
The fireball engulfs you!
The fireball engulfs the orb of fire.
The orb of fire completely resists.
You are very lightly contaminated with residual magic.
The orb of fire glows red.
The fireball explodes!
The fireball engulfs you! The fire burns you terribly!
You die...

,,,,,,,,,,,** ##.............## *
,,,,,,,,,,** #...............#
**********#▓▓▓▓########.########▓▓▓
#..##.#.#..#..# #....#..
#.....#....#.## ##.......
#....##...)[)# ##....##..
###........*...###.....#.#.
#.....#....####.#....###)##
###.##.###.@.#..###....##.).#
#...#..))).###...#...###.....
#..##..###.........####......
##'#.....###.........#.......
##.##....##....#..##.'.......
##...##.........####..#.......
###.....##...##.####....##......
##.##...###..<.####.#....###.....
#...##.##.##........##.##..##...#


You could see an orb of fire.

Vanquished Creatures
  An ancient lich (Crypt:3)
  Boris (Crypt:2)
  Margery (Vaults:5)
  Norris (Vaults:1)
  7 caustic shrikes
  Mara (Vaults:4)
  Mennas (Vaults:2)
  11 golden dragons
  Jory (Vaults:5)
  Xtahua (Crypt:2)
  Frederick (Vaults:5)
  A bone dragon (Crypt:3)
  Nikola (Vaults:1)
  11 tentacled monstrosities
  Vashnia (Snake:4)
  6 Orb Guardians (Zot:5)
  3 deep elf blademasters
  Asterion (Swamp:3)
  5 liches
  A quicksilver dragon (Depths:3)
  2 deep elf master archers (Elf:3)
  7 sphinxes
  2 eldritch tentacles
  12 titans
  An octopode crusher (Depths:1)
  Agnes (Swamp:2)
  12 storm dragons
  2 ancient champions
  Kirke (Swamp:5)
  5 thorn hunters
  8 shadow dragons
  2 revenants
  7 draconian monks
  6 tengu reavers
  15 frost giants
  8 greater nagas (Snake:5)
  6 iron dragons
  17 vault wardens
  13 fire giants
  A ghost moth (Zot:3)
  3 draconian knights
  Aizul (Vaults:1)
  8 draconian scorchers
  4 emperor scorpions
  2 draconian zealots
  Gastronok (D:9)
  9 deep elf sorcerers
  11 ghouls
  2 reapers (Crypt:2)
  A balrug (Elf:3)
  Jorgrun (Swamp:4)
  15 ironheart preservers
  6 draconian annihilators
  5 war gargoyles
  4 spriggan defenders
  23 very ugly things
  3 draconian callers
  16 grey draconians
  12 deep elf demonologists
  3 draconian shifters (Zot:3)
  7 green draconians
  2 dire elephants (Depths:4)
  10 pale draconians
  22 stone giants
  5 mottled draconians
  10 deep elf annihilators
  5 white draconians
  7 black draconians
  Azrael (Snake:4)
  5 yellow draconians
  8 red draconians
  The ghost of MDvedh the Destroyer, a powerful DgIE (Lair:7)
  10 vampire knights
  8 purple draconians
  2 lorocyprocas
  10 deep elf death magi
  An eidolon (Crypt:1)
  The ghost of wojtek the Swashbuckler, a powerful KoAs of Makhleb (Lair:7)
  2 unborn
  Snorg (Snake:5)
  3 crystal guardians (Crypt:3)
  12 ettins
  A merfolk javelineer (Depths:5)
  12 jiangshi
  2 minotaurs
  25 yaktaur captains
  2 quicksilver dragon zombies
  17 fire dragons
  A merfolk impaler (Depths:5)
  3 deep elf high priests
  34 hydras
  33 vault guards
  9 great orbs of eyes
  Harold (Lair:2)
  A quicksilver dragon skeleton (Crypt:2)
  8 death cobs
  2 spriggan air magi
  Nessos (D:12)
  5 rakshasas
  20 anacondas
  15 ice dragons
  14 naga warriors
  2 ghost crabs
  8 centaur warriors
  6 deep troll earth magi
  21 dancing weapons
  A merfolk avatar (Depths:5)
  21 ogre magi
  8 alligators
  3 vampire magi
  10 tengu warriors
  2 titan zombies
  23 death yaks
  A death knight (Crypt:1)
  An orc high priest (Vaults:2)
  6 spriggan berserkers
  8 deep troll shamans
  2 thrashing horrors
  7 shock serpents
  24 naga sharpshooters
  2 sun demons (WizLab)
  A catoblepas (Depths:1)
  3 soul eaters
  11 hell knights
  25 deep elf knights
  A fire crab (shapeshifter) (Vaults:2)
  2 titan skeletons
  2 wretched stars (Abyss:1)
  4 iron trolls
  A salamander mystic (Snake:1)
  A storm dragon skeleton (Crypt:3)
  26 skeletal warriors
  A hell beast (Depths:3)
  2 death drakes
  An anubis guard (shapeshifter) (Vaults:3)
  3 shadow wraiths
  A golden dragon zombie (Crypt:1)
  5 giant orange brains
  3 spriggan druids
  A giant orange brain (shapeshifter) (Depths:3)
  10 naga ritualists
  16 deep elf summoners
  5 unseen horrors
  12 swamp dragons
  2 spectral hydras (Swamp:3)
  2 ice statues (IceCv)
  An obsidian statue (WizLab)
  5 wizards
  27 deep trolls
  2 shadow dragon zombies
  14 ironbrand convokers
  15 orc knights
  A shambling mangrove (Swamp:3)
  7 hill giants
  8 griffons
  A mana viper (shapeshifter) (Vaults:5)
  16 necromancers
  5 flayed ghosts
  8 mana vipers
  45 ugly things
  21 deep elf conjurers
  A hornet (shapeshifter) (Depths:3)
  10 phantasmal warriors
  19 moths of wrath
  A spectral ettin (Crypt:3)
  3 cyclopes
  5 wolf spiders
  2 hornets
  A salamander (shapeshifter) (Depths:5)
  2 worldbinders (WizLab)
  A stone giant zombie (Crypt:2)
  2 frost giant zombies
  An elephant (Lair:6)
  An orc sorcerer (D:15)
  36 black mambas
  A guardian serpent (shapeshifter) (D:13)
  A sixfirhy (Vaults:2)
  12 salamanders
  An iron dragon skeleton (Crypt:3)
  23 naga magi
  30 spiny frogs
  A stone giant skeleton (Crypt:2)
  A manticore (shapeshifter) (Elf:2)
  Maurice (Orc:1)
  2 fire giant skeletons
  14 guardian serpents
  4 manticores
  A rust devil (Elf:1)
  An apocalypse crab (Abyss:1)
  A shock serpent skeleton (Crypt:3)
  5 torpor snails
  12 vault sentinels
  5 spectral swamp worms (Depths:4)
  A hellion (Elf:3)
  A moth of wrath (shapeshifter) (Depths:3)
  An orange demon (Elf:3)
  3 gargoyles
  2 efreet
  2 hellwings
  An emperor scorpion zombie (Crypt:2)
  2 demonspawn skeletons (WizLab)
  A white draconian zombie (Crypt:2)
  49 yaktaurs
  4 swamp worm zombies (Swamp:3)
  2 ancient zymes
  An elf (shapeshifter) (Vaults:2)
  12 komodo dragons
  3 yaktaurs (shapeshifter)
  A kobold demonologist (Vaults:2)
  A ghoul skeleton (Crypt:3)
  A silent spectre (Crypt:1)
  7 fire drakes
  A red devil (Depths:3)
  4 tengu conjurers
  33 two-headed ogres
  3 polar bears
  5 freezing wraiths
  5 trolls
  2 harpy zombies
  A polar bear (shapeshifter) (Vaults:2)
  2 raiju (shapeshifter) (Vaults:3)
  2 demonic crawlers (Elf:1)
  45 slime creatures
  A tengu simulacrum (Depths:3)
  9 giant leeches
  Grinder (D:6)
  17 deep elf priests
  A wind drake (shapeshifter) (Vaults:5)
  A slime creature (shapeshifter) (Depths:3)
  A baby alligator (shapeshifter) (Vaults:1)
  3 baby alligators (Swamp:3)
  3 raiju (Abyss:1)
  24 ravens
  A wind drake (Zot:4)
  6 boulder beetles
  A hydra skeleton (Crypt:2)
  A hornet zombie (D:14)
  52 blink frogs
  22 bog bodies
  A harpy skeleton (Crypt:1)
  A trapdoor spider (D:12)
  4 centaur simulacra
  3 alligator zombies (Swamp:3)
  2 basilisks (shapeshifter)
  A fire dragon zombie (Crypt:3)
  A spectral giant leech (Swamp:5)
  4 spectral swamp dragons (Swamp:3)
  30 flying skulls (Crypt:3)
  11 basilisks
  2 alligator skeletons
  A catoblepas skeleton (Crypt:2)
  A tarantella (Vaults:5)
  2 air elementals (Depths:4)
  An ettin skeleton (Crypt:2)
  10 redbacks
  An ice dragon skeleton (Crypt:2)
  11 spriggans
  2 vampires (Crypt:2)
  9 shadows
  37 yaks
  7 water elementals
  2 ynoxinuls
  3 hogs (Swamp:5)
  6 wraiths
  2 fire elementals (Snake:4)
  A fire giant simulacrum (Vaults:2)
  A black mamba skeleton (Crypt:2)
  3 giant leech zombies (Swamp:3)
  A redback (shapeshifter) (Depths:4)
  2 neqoxecs
  A human simulacrum (Vaults:3)
  2 chaos spawn (Abyss:1)
  5 wyverns
  24 deep elf magi
  A hog (shapeshifter) (Vaults:1)
  A naga (shapeshifter) (Vaults:4)
  A steam dragon (D:12)
  16 hippogriffs
  3 large abominations
  12 small abominations
  2 spatial vortices (WizLab)
  27 swamp worms
  20 wolves
  8 wargs
  34 vampire mosquitoes
  4 hell hounds
  63 nagas
  17 insubstantial wisps
  30 deep elf fighters
  A merfolk zombie (Crypt:2)
  5 hungry ghosts
  6 mottled dragons
  40 water moccasins
  A soldier ant (D:12)
  6 porcupines
  2 spiny frog zombies
  10 necrophages
  A raven skeleton (Crypt:1)
  4 sky beasts
  3 black bears
  5 human skeletons
  7 spiders (Lair:8)
  A merfolk skeleton (Crypt:1)
  29 ice beasts
  32 orc warriors
  18 swamp drakes
  73 ogres
  15 wasps
  2 ettin simulacra
  A snapping turtle zombie (Crypt:3)
  6 phantoms
  A boring beetle (Lair:8)
  A snapping turtle skeleton (Crypt:2)
  15 centaurs
  2 manticore zombies
  9 boggarts
  4 brain worms (D:15)
  8 crocodiles
  31 giant frogs
  4 big kobolds
  A lost soul (Crypt:3)
  Blork the orc (D:8)
  A big kobold (shapeshifter) (Depths:3)
  A water moccasin zombie (Crypt:2)
  A wyvern zombie (D:14)
  A merfolk simulacrum (Crypt:1)
  2 wyvern skeletons
  4 scorpions
  A raiju zombie (Crypt:1)
  9 wights
  4 spriggan zombies (Swamp:3)
  3 troll zombies (Swamp:3)
  3 electric eels
  10 crimson imps
  A two-headed ogre zombie (Vaults:5)
  2 giant frog zombies
  29 starcursed masses
  2 human zombies
  2 jellies (D:8)
  11 iguanas
  2 centaur zombies
  32 orc priests
  4 giant frog skeletons
  13 hounds
  2 quasits
  2 centaur skeletons
  24 orc wizards
  2 two-headed ogre skeletons
  A hell rat (Elf:1)
  23 worker ants
  39 sheep
  3 gnolls (D:11)
  124 river rats
  A worker ant zombie (D:5)
  26 adders
  5 shadow imps
  4 white imps
  A giant mite (D:7)
  4 worms
  4 ufetubi
  An adder skeleton (D:9)
  A lava snake skeleton (Crypt:2)
  5 giant geckos
  155 orcs
  A bat zombie (D:6)
  4 giant cockroaches
  19 goblins
  25 hobgoblins
  2 oozes
  A ball python (D:2)
  13 bats
  2 giant gecko skeletons
  16 giant newts
  A goblin skeleton (Crypt:1)
  A goblin zombie (D:5)
  2 hobgoblin zombies (D:5)
  12 jackals
  25 kobolds
  A kobold skeleton (D:5)
  2 kobold zombies (D:5)
  4 orc skeletons
  3 orc zombies
  17 quokkas
  A quokka skeleton (D:10)
  13 rats
  3 briar patches (Swamp:5)
  5 crawling corpses (Vaults:5)
  3 fungi
  6 plants
3196 creatures vanquished.

Vanquished Creatures (collateral kills)
  A vault guard (Vaults:5)
  A great orb of eyes (Depths:1)
  A guardian serpent (Snake:5)
  A naga (Snake:5)
  2 swamp worms
  A crocodile (Swamp:4)
  A river rat (Lair:6)
  A quokka (Lair:6)
9 creatures vanquished.

Vanquished Creatures (others)
  A storm dragon (Zot:3)
  A frost giant (Vaults:5)
  A vault warden (Vaults:5)
  A fire giant (Depths:4)
  A draconian knight (Zot:3)
  An ironheart preserver (Vaults:5)
  A green draconian (Zot:3)
  A fire dragon (Depths:1)
  3 vault guards (Vaults:5)
  A deep elf knight (Vaults:1)
  A hill giant (Swamp:5)
  An orc knight (Vaults:5)
  An orc sorcerer (Vaults:5)
  5 yaktaurs (Depths:1)
  A deep elf priest (Elf:1)
  A blink frog (Swamp:4)
  2 deep elf magi (Vaults:1)
  3 humans (Swamp:5)
  A hippogriff (Lair:3)
  A hungry ghost (Elf:2)
  A deep elf fighter (Vaults:3)
  A chaos spawn (Depths:1)
  A warg (Vaults:5)
  2 swamp worms (Lair:3)
  A soldier ant (Swamp:5)
  5 boggarts
  2 ogres
  An orc warrior (Vaults:5)
  12 lost souls
  A wyvern skeleton (Swamp:4)
  A wight (Elf:1)
  A giant frog zombie (Swamp:5)
  3 worker ants
  An orc priest (Vaults:5)
  An iguana (Snake:5)
  2 orc wizards
  A sheep (Lair:4)
  2 orcs
  A hobgoblin (Swamp:5)
  A kobold (Swamp:4)
  A giant spore (D:8)
  A briar patch (Swamp:3)
  650 eldritch tentacle segments
  17 fungi
  6 plants
  2 starspawn tentacles (WizLab)
  39 starspawn tentacle segments (WizLab)
786 creatures vanquished.

Grand Total: 3991 creatures vanquished

Notes
Turn   | Place    | Note
--------------------------------------------------------------
     0 | D:1      | horsemans, the Minotaur Fighter, began the quest for the Orb.
     0 | D:1      | Reached XP level 1. HP: 19/19 MP: 1/1
     0 | D:1      | Noticed a formicid zombie
     0 | D:1      | Noticed a draconian zombie
     1 | D:1      | Noticed a troll skeleton
     3 | D:1      | Noticed a spriggan skeleton
     5 | D:1      | Noticed a troll
     6 | D:1      | Noticed an elf
    10 | D:1      | Noticed a naga
    12 | D:1      | Noticed a minotaur
    14 | D:1      | Noticed a human zombie
    14 | D:1      | Noticed a centaur
    16 | D:1      | Noticed a spriggan
   106 | D:1      | Reached XP level 2. HP: 24/27 MP: 1/1
   173 | D:1      | Reached skill level 4 in Armour
   451 | D:2      | Reached XP level 3. HP: 30/33 MP: 2/2
   813 | D:2      | Reached skill level 1 in Dodging
   813 | D:2      | Reached XP level 4. HP: 29/40 MP: 2/2
  1641 | D:3      | Reached XP level 5. HP: 29/47 MP: 2/2
  1858 | D:3      | Noticed an ice beast
  1868 | D:3      | Killed an ice beast
  1868 | D:3      | Reached skill level 5 in Armour
  1868 | D:3      | Reached skill level 5 in Shields
  1868 | D:3      | Reached XP level 6. HP: 37/53 MP: 3/3
  2036 | D:5      | Entered Level 5 of the Dungeon
  2604 | D:5      | Reached skill level 5 in Maces & Flails
  2644 | D:5      | Found a glowing golden altar of the Shining One.
  2658 | D:5      | Reached XP level 7. HP: 32/60 MP: 3/3
  2778 | D:5      | Reached skill level 6 in Armour
  2793 | D:5      | Reached skill level 5 in Fighting
  3391 | D:5      | Found a staircase to the Ecumenical Temple.
  3397 | Temple   | Entered the Ecumenical Temple
  3624 | D:5      | Reached XP level 8. HP: 44/69 MP: 3/3
  4051 | D:6      | Noticed Grinder
  4074 | D:6      | Reached skill level 7 in Maces & Flails
  4074 | D:6      | Paralysed by Grinder for 7 turns
  4089 | D:6      | Paralysed by Grinder for 7 turns
  4101 | D:6      | Killed Grinder
  4936 | D:7      | Reached skill level 8 in Maces & Flails
  5096 | D:7      | Reached XP level 9. HP: 61/78 MP: 5/5
  5571 | D:8      | Reached skill level 9 in Maces & Flails
  5803 | D:8      | Found an iron altar of Okawaru.
  5803 | D:8      | Noticed Blork the orc
  5810 | D:8      | Killed Blork the orc
  5815 | D:8      | Became a worshipper of Warmaster Okawaru
  6550 | D:10     | Entered Level 10 of the Dungeon
  6555 | D:9      | Reached skill level 10 in Maces & Flails
  6727 | D:9      | Noticed Gastronok
  6766 | D:9      | Killed Gastronok
  6766 | D:9      | Acquired Okawaru's first power
  6766 | D:9      | Reached skill level 11 in Maces & Flails
  6766 | D:9      | Reached XP level 10. HP: 29/88 MP: 5/5
  7409 | D:9      | Found a staircase to the Orcish Mines.
  7498 | Orc:1    | Entered Level 1 of the Orcish Mines
  7498 | Orc:1    | Noticed Maurice
  7594 | D:9      | Reached skill level 12 in Maces & Flails
  8202 | D:9      | HP: 3/88 [orc warrior/scimitar (13)]
  8565 | D:10     | Found a staircase to the Lair.
  8619 | Lair:1   | Entered Level 1 of the Lair of Beasts
  9027 | Lair:1   | Reached skill level 10 in Armour
  9156 | Lair:1   | Reached skill level 13 in Maces & Flails
  9156 | Lair:1   | Reached XP level 11. HP: 62/95 MP: 3/5
  9635 | Lair:2   | Noticed a six-headed hydra
  9783 | D:10     | Noticed a hill giant
 10006 | D:10     | Killed a hill giant
 10113 | D:10     | Reached skill level 10 in Shields
 10123 | D:10     | Found a portal to a secret trove of treasure.
 10400 | Lair:1   | Killed a six-headed hydra
 10400 | Lair:1   | Reached skill level 1 in Evocations
 10612 | Lair:2   | Acquired Okawaru's second power
 10640 | Lair:2   | Noticed Harold
 10656 | Lair:2   | Killed Harold
 10656 | Lair:2   | Reached skill level 14 in Maces & Flails
 10914 | Lair:2   | Noticed a four-headed hydra
 10928 | Lair:2   | Killed a four-headed hydra
 11453 | Lair:3   | Reached skill level 10 in Fighting
 11533 | Lair:4   | Reached XP level 12. HP: 74/106 MP: 5/7
 11729 | Lair:4   | Found a frozen archway.
 11757 | Lair:4   | Received a gift from Okawaru
 11757 | Lair:4   | Reached skill level 15 in Maces & Flails
 11766 | Lair:4   | Got a fine lajatang {god gift}
 11781 | IceCv    | Entered an ice cave
 11798 | IceCv    | Reached skill level 1 in Invocations
 11809 | IceCv    | Identified the +4 lajatang "Arbiter" {venom, MR+ Str+2 Int-2} (Okawaru gifted it to you on level 4 of the Lair of Beasts)
 11839 | IceCv    | Reached skill level 1 in Staves
 12503 | IceCv    | Noticed an ice dragon
 12503 | IceCv    | Noticed an ice dragon
 12774 | IceCv    | Killed an ice dragon
 13242 | IceCv    | Killed an ice dragon
 13803 | Lair:3   | Found a shattered altar of Ashenzari.
 14188 | Lair:3   | Received a gift from Okawaru
 14322 | Lair:3   | Found a staircase to the Swamp.
 14381 | Lair:3   | Reached skill level 16 in Maces & Flails
 15963 | Lair:5   | Noticed a seven-headed hydra
 15972 | Lair:5   | Killed a seven-headed hydra
 15972 | Lair:5   | Reached XP level 13. HP: 101/115 MP: 7/9
 16834 | Lair:5   | Reached skill level 17 in Maces & Flails
 16834 | Lair:5   | Reached XP level 14. HP: 123/126 MP: 9/9
 17021 | Lair:6   | Found a staircase to the Snake Pit.
 17250 | Lair:7   | Noticed MDvedh's ghost (powerful DgIE)
 17279 | Lair:7   | Found a viscous altar of Jiyva.
 17279 | Lair:7   | Found a staircase to the Slime Pits.
 17528 | Lair:6   | Received a gift from Okawaru
 17535 | Lair:6   | Got a brightly glowing chain mail {god gift}
 17995 | D:9      | Noticed a skeletal warrior
 17997 | D:9      | Noticed a skeletal warrior
 18006 | D:9      | Killed a skeletal warrior
 18016 | D:9      | Killed a skeletal warrior
 18017 | D:9      | Noticed a skeletal warrior
 18021 | D:9      | Killed a skeletal warrior
 18074 | Orc:1    | Killed Maurice
 18159 | Orc:1    | Reached skill level 18 in Maces & Flails
 18845 | Orc:2    | Found a radiant altar of Vehumet.
 20037 | Orc:3    | Found a bloodstained altar of Trog.
 20309 | Orc:4    | Entered Level 4 of the Orcish Mines
 20385 | Orc:4    | Found a staircase to the Elven Halls.
 21359 | Orc:4    | Paralysed by an ogre mage for 6 turns
 21371 | Orc:4    | Found Plog's General Store.
 21395 | Orc:4    | Found Obleum's Assorted Antiques.
 21395 | Orc:4    | Found Hailar's Jewellery Boutique.
 21412 | Orc:4    | Found Okoom's Gadget Emporium.
 21464 | Orc:4    | Bought a scroll of identify for 26 gold pieces
 21465 | Orc:4    | Bought a scroll of identify for 42 gold pieces
 21465 | Orc:4    | Identified the +6 chain mail of Dishonour {rPois+ rF+} (Okawaru gifted it to you on level 6 of the Lair of Beasts)
 21997 | Lair:7   | Noticed wojtek's ghost (powerful KoAs)
 22014 | Lair:7   | Killed wojtek's ghost
 22059 | Lair:7   | Received a gift from Okawaru
 22082 | Lair:7   | Killed MDvedh's ghost
 22090 | Lair:7   | Reached XP level 15. HP: 127/137 MP: 8/11
 22765 | Lair:8   | Entered Level 8 of the Lair of Beasts
 23149 | Lair:8   | Reached skill level 5 in Dodging
 23194 | Lair:8   | Reached skill level 19 in Maces & Flails
 23307 | Lair:8   | Received a gift from Okawaru
 23404 | Lair:8   | Identified a +0 pair of boots of running (Okawaru gifted it to you on level 8 of the Lair of Beasts)
 24638 | Lair:2   | Learned a level 2 spell: Blink
 24641 | Lair:2   | Learned a level 2 spell: Repel Missiles
 25400 | D:11     | Found Thosag's Food Boutique.
 26232 | D:12     | Noticed Nessos
 26252 | D:12     | Killed Nessos
 26700 | D:12     | Gained mutation: You can translocate small distances at will. [potion of beneficial mutation]
 26701 | D:12     | Gained mutation: You can spit poison. [potion of beneficial mutation]
 26946 | D:12     | Noticed a sphinx
 26956 | D:12     | Killed a sphinx
 26956 | D:12     | Received a gift from Okawaru
 26956 | D:12     | Reached skill level 15 in Fighting
 27070 | D:13     | Reached skill level 20 in Maces & Flails
 27232 | D:13     | Found a gate to the Vaults.
 27621 | D:13     | Identified a scroll of acquirement
 27627 | D:13     | Got a pair of smoking gloves
 27638 | D:13     | Identified the +0 pair of gloves of Trial and Error {rPois+ MP+9 Str-4 Dex+2 Stlth+} (You acquired it on level 13 of the Dungeon)
 28070 | D:15     | Entered Level 15 of the Dungeon
 28159 | D:14     | Reached XP level 16. HP: 143/149 MP: 14/14
 28443 | D:14     | Received a gift from Okawaru
 30510 | D:15     | Found a staircase to the Depths.
 30526 | D:15     | Reached skill level 21 in Maces & Flails
 30631 | D:15     | Upgraded the game from 0.16-a0-3940-gf8a207b to 0.16-a0-3943-gb4b81e6
 30935 | Lair:6   | Received a gift from Okawaru
 30964 | Snake:1  | Entered Level 1 of the Snake Pit
 33275 | Snake:4  | Noticed Azrael
 33605 | Snake:4  | Killed Azrael
 34240 | Snake:3  | Reached XP level 17. HP: 126/160 MP: 15/15
 34541 | Snake:3  | Received a gift from Okawaru
 34541 | Snake:3  | Reached skill level 22 in Maces & Flails
 35163 | Snake:3  | Reached skill level 15 in Shields
 36426 | Swamp:1  | Entered Level 1 of the Swamp
 36594 | Swamp:2  | Noticed Agnes
 36603 | Swamp:2  | Killed Agnes
 37720 | Swamp:2  | Received a gift from Okawaru
 37738 | Swamp:2  | Got a steaming large shield {god gift}
 37739 | Swamp:2  | Identified the +5 large shield of Jinkic {rC+} (Okawaru gifted it to you on level 2 of the Swamp)
 39768 | Swamp:4  | Noticed Jorgrun
 40276 | Swamp:3  | Noticed Asterion
 41023 | Snake:4  | Noticed Vashnia
 41424 | Snake:3  | Got a fine dire flail
 41425 | Snake:3  | Identified the +1 dire flail "Fuil" {pain, +Fly rN+ MP+9 Str+2 Dex-2} (You acquired it on level 3 of the Snake Pit)
 42120 | Snake:4  | Killed Vashnia
 42181 | Snake:4  | Reached XP level 18. HP: 158/172 MP: 17/17
 42281 | Snake:5  | Entered Level 5 of the Snake Pit
 42302 | Snake:4  | Reached skill level 23 in Maces & Flails
 43163 | Snake:5  | Received a gift from Okawaru
 43476 | Snake:5  | Noticed Snorg
 43506 | Snake:5  | Killed Snorg
 45031 | Orc:4    | Bought the amulet "Vaoraj" {Stasis +Inv MR+ MP-9 Dex+5} for 618 gold pieces
 45583 | Snake:5  | HP: 8/173 [naga mage/splash of poison (1)]
 45588 | Snake:5  | HP: 5/173 [poisoned by a guardian serpent (bolt of poison)]
 45594 | Snake:5  | HP: 4/173 [poisoned by a guardian serpent (bolt of poison)]
 45600 | Snake:5  | HP: 4/173 [poisoned by a guardian serpent (bolt of poison)]
 45607 | Snake:5  | HP: 5/173 [poisoned by a guardian serpent (bolt of poison)]
 46245 | Lair:2   | Identified a +3 rod of shadows (9/9) (You found it on level 2 of the Snake Pit)
 46539 | Snake:5  | Received a gift from Okawaru
 46959 | Snake:5  | Got a serpentine rune of Zot
 47396 | Swamp:4  | Killed Jorgrun
 47681 | Swamp:5  | Entered Level 5 of the Swamp
 48169 | Swamp:4  | Reached skill level 24 in Maces & Flails
 48378 | Swamp:4  | Received a gift from Okawaru
 48417 | Swamp:4  | Reached XP level 19. HP: 172/182 MP: 18/18
 49728 | Swamp:5  | Got a decaying rune of Zot
 49803 | Swamp:5  | Noticed Roxanne
 49845 | Swamp:5  | Noticed Kirke
 49858 | Swamp:5  | Killed Kirke
 50054 | Swamp:5  | Got a crude ring mail
 50211 | Swamp:5  | Identified the +5 ring mail of Trog's Delight {rF+ MR++} (You found it on level 5 of the Swamp)
 50871 | Elf:1    | Entered Level 1 of the Elven Halls
 51155 | Elf:1    | Found Waachaeg's Book Emporium.
 51292 | Elf:1    | Found a shimmering altar of Xom.
 51455 | Elf:1    | Identified the Almanac of the Escort
 51963 | Elf:1    | Received a gift from Okawaru
 51983 | Elf:2    | Reached skill level 5 in Evocations
 52038 | Elf:2    | Found a runed gate.
 52038 | Elf:2    | Found a runed gate.
 52038 | Elf:2    | Found a runed gate.
 52357 | Elf:2    | Found Faibakhatil's Weapon Boutique.
 53222 | Elf:3    | Entered Level 3 of the Elven Halls
 53351 | Elf:3    | Reached skill level 25 in Maces & Flails
 53351 | Elf:3    | Reached XP level 20. HP: 182/192 MP: 22/22
 54068 | Elf:3    | Found Bulonewu's Assorted Antiques.
 54076 | Elf:3    | Bought a potion of heal wounds for 120 gold pieces
 54076 | Elf:3    | Bought 3 scrolls of identify for 144 gold pieces
 54076 | Elf:3    | Bought a fine fire dragon armour for 1560 gold pieces
 54076 | Elf:3    | Identified the +2 fire dragon armour of the Forest {-Tele rF++ rC- MR+ MP+9 Dex+5 SInv} (You bought it in a shop on level 3 of the Elven Halls)
 54130 | Elf:3    | Received a gift from Okawaru
 54245 | Elf:3    | Got a spiked plate armour
 54246 | Elf:3    | Identified the +11 plate armour of Inquiry {rElec rF- MR+ Dex+4} (You found it on level 3 of the Elven Halls)
 54260 | Elf:3    | Gained mutation: Your flesh is cold resistant. [potion of beneficial mutation]
 54383 | Elf:1    | Bought a manual of Maces & Flails for 1324 gold pieces
 54545 | Elf:3    | Identified the Handbook of Creative Shape Shifting
 54920 | Elf:3    | Received a gift from Okawaru
 55278 | Elf:3    | Got a smoking zirconium amulet
 55279 | Elf:3    | Identified the amulet "Ataas" {Faith -Tele rF+ MP+9 Slay+2 Stlth+} (You took it off a deep elf master archer on level 3 of the Elven Halls)
 55821 | Vaults:1 | Entered Level 1 of the Vaults
 55859 | Vaults:1 | Noticed Aizul
 55882 | Vaults:1 | Killed Aizul
 56060 | Vaults:1 | Noticed Norris
 56098 | Vaults:1 | Cast into the Abyss (vault guard)
 56262 | Abyss:1  | Paralysed by accursed screaming for 1 turns
 56401 | Abyss:1  | Reached skill level 26 in Maces & Flails
 56625 | Abyss:1  | Received a gift from Okawaru
 56817 | Vaults:1 | Escaped the Abyss
 57754 | Vaults:1 | Noticed Nikola
 57779 | Vaults:1 | Killed Norris
 57797 | Vaults:1 | Killed Nikola
 58014 | Vaults:1 | Received a gift from Okawaru
 58583 | D:13     | Reached skill level 27 in Maces & Flails
 58583 | D:13     | Reached XP level 21. HP: 197/202 MP: 27/27
 59007 | Vaults:2 | Noticed Mennas
 59075 | Vaults:2 | Killed Mennas
 59181 | Vaults:2 | Found a roughly hewn altar of Beogh.
 59745 | Vaults:2 | Reached skill level 5 in Invocations
 60885 | Vaults:3 | Received a gift from Okawaru
 61821 | Vaults:3 | Got a fine arbalest
 61865 | Vaults:3 | Received a gift from Okawaru
 62119 | Vaults:3 | Found a staircase to the Crypt.
 62119 | Vaults:3 | Found an ancient bone altar of Kikubaaqudgha.
 62120 | Vaults:3 | Found a basalt altar of Yredelemnul.
 62168 | Vaults:3 | Found a glowing golden altar of the Shining One.
 62658 | Lair:2   | Identified the cursed +3 arbalest of Skyalac {venom, rF+ rN+ MR+ Int+2 Dex-2} (You found it on level 3 of the Vaults)
 62987 | Vaults:4 | Noticed Mara
 62997 | Vaults:4 | Killed Mara
 63332 | Vaults:4 | Reached XP level 22. HP: 215/220 MP: 29/29
 63558 | Vaults:4 | Reached skill level 10 in Evocations
 64431 | Vaults:4 | Received a gift from Okawaru
 65017 | Crypt:1  | Entered Level 1 of the Crypt
 65583 | Crypt:1  | Received a gift from Okawaru
 65599 | Crypt:1  | Got a twisted morningstar {god gift}
 65608 | Crypt:1  | Identified the +9 morningstar "Shopa" {crush, Str-5 Int+4} (Okawaru gifted it to you on level 1 of the Crypt)
 65871 | Crypt:2  | Noticed Boris
 65895 | Crypt:2  | Killed Boris
 66288 | Crypt:2  | Noticed Xtahua
 66299 | Crypt:2  | Killed Xtahua
 66905 | Crypt:2  | Received a gift from Okawaru
 67189 | Crypt:3  | Entered Level 3 of the Crypt
 67314 | Crypt:3  | Reached XP level 23. HP: 231/233 MP: 31/31
 67632 | Crypt:3  | Received a gift from Okawaru
 67979 | Crypt:3  | Found a staircase to the Tomb.
 68201 | Crypt:3  | Found an ancient bone altar of Kikubaaqudgha.
 68251 | Crypt:3  | Got a smoking jade ring
 68254 | Crypt:3  | Identified the ring of Gowaq {-Tele rN+ Str-2 Int+6 SInv} (You found it on level 3 of the Crypt)
 68261 | Crypt:3  | Got a flickering wooden ring
 68263 | Crypt:3  | Identified the ring of the Rose {-Tele rN+ MR+ Str+4 SInv} (You found it on level 3 of the Crypt)
 68266 | Crypt:3  | Got a fine plate armour
 68277 | Crypt:3  | Identified the cursed -5 plate armour "Xopus" {rN+ Str+3} (You found it on level 3 of the Crypt)
 68294 | Crypt:3  | Got a dazzling plate armour
 68300 | Crypt:3  | Identified the +10 plate armour of Tartarus {+Fly Dex+3} (You found it on level 3 of the Crypt)
 68330 | Crypt:3  | Noticed an ancient lich
 68365 | Crypt:3  | Killed an ancient lich
 69627 | Swamp:3  | Killed Asterion
 70305 | Vaults:5 | Entered Level 5 of the Vaults
 70327 | Vaults:5 | Reached skill level 10 in Dodging
 70328 | Vaults:5 | Reached skill level 27 in Fighting
 70382 | Vaults:5 | Received a gift from Okawaru
 70873 | Vaults:5 | Reached XP level 24. HP: 164/245 MP: 26/32
 70940 | Vaults:5 | Reached skill level 15 in Armour
 70950 | Vaults:5 | Received a gift from Okawaru
 71209 | Vaults:5 | Noticed Jory
 71221 | Vaults:5 | Killed Jory
 71305 | Vaults:5 | Noticed Margery
 71330 | Vaults:5 | Killed Margery
 71342 | Vaults:5 | Gained mutation: You tend to lose your temper in combat. [the power of Zot]
 71342 | Vaults:5 | Gained mutation: You are dopey. (Int -2) [the power of Zot]
 71451 | Vaults:5 | Received a gift from Okawaru
 72044 | Crypt:3  | Lost mutation: You tend to lose your temper in combat. [potion of cure mutation]
 72044 | Crypt:3  | Lost mutation: You can spit poison. [potion of cure mutation]
 72044 | Crypt:3  | Lost mutation: You are dopey. (Int -2) [potion of cure mutation]
 72044 | Crypt:3  | Lost mutation: You can translocate small distances at will. [potion of cure mutation]
 72044 | Crypt:3  | Lost mutation: Your flesh is cold resistant. [potion of cure mutation]
 72445 | Vaults:5 | Found Mnois' Antique Weapon Shop.
 72490 | Vaults:5 | Received a gift from Okawaru
 72977 | Vaults:5 | Noticed Frederick
 72988 | Vaults:5 | Killed Frederick
 73036 | Vaults:5 | Found Guakiapt's Weapon Shoppe.
 73430 | Vaults:5 | Received a gift from Okawaru
 73713 | Vaults:5 | Got a silver rune of Zot
 73918 | Vaults:5 | Reached XP level 25. HP: 248/253 MP: 34/34
 74208 | Depths:1 | Entered Level 1 of the Depths
 74695 | Depths:1 | Found a gateway to a ziggurat.
 74725 | Depths:1 | Found a huge runed gate.
 74725 | Depths:1 | Found a huge runed gate.
 74725 | Depths:1 | Found a huge runed gate.
 74726 | Depths:1 | Found a huge runed gate.
 74726 | Depths:1 | Found a huge runed gate.
 74727 | Depths:1 | Found a huge runed gate.
 74727 | Depths:1 | Found a huge runed gate.
 74728 | Depths:1 | Found a huge runed gate.
 74729 | Depths:1 | Found a huge runed gate.
 74729 | Depths:1 | Found a huge runed gate.
 74736 | Depths:1 | Found a huge runed gate.
 74736 | Depths:1 | Found a huge runed gate.
 74736 | Depths:1 | Found a huge runed gate.
 74736 | Depths:1 | Found a huge runed gate.
 74736 | Depths:1 | Found a huge runed gate.
 74736 | Depths:1 | Found a huge runed gate.
 74736 | Depths:1 | Found a huge runed gate.
 74738 | Depths:1 | Found a huge runed gate.
 74739 | Depths:1 | Found a huge runed gate.
 74762 | Depths:1 | Found a huge runed gate.
 74762 | Depths:1 | Found a huge runed gate.
 74762 | Depths:1 | Found a huge runed gate.
 74763 | Depths:1 | Found a huge runed gate.
 74764 | Depths:1 | Found a huge runed gate.
 74840 | Depths:1 | Found a huge runed gate.
 74841 | Depths:1 | Found a huge runed gate.
 74842 | Depths:1 | Found a huge runed gate.
 74845 | Depths:1 | Found a huge runed gate.
 74851 | Depths:1 | Found a huge runed gate.
 74851 | Depths:1 | Found a huge runed gate.
 74851 | Depths:1 | Found a huge runed gate.
 74851 | Depths:1 | Found a huge runed gate.
 75010 | Depths:1 | Found a gateway to Hell.
 75686 | Depths:1 | Received a gift from Okawaru
 75705 | Depths:1 | Got a slimy mace {god gift}
 75707 | Depths:1 | Identified the +4 mace of the Grave {flame, rPois+} (Okawaru gifted it to you on level 1 of the Depths)
 76091 | Depths:3 | Found a magical portal.
 76111 | WizLab   | Entered The Roulette of Golubria
 76113 | WizLab   | Found a corrupted altar of Lugonu.
 76280 | WizLab   | Paralysed by accursed screaming for 1 turns
 76337 | WizLab   | Got a scorched cloak
 76348 | WizLab   | Identified the cursed -4 cloak "Hydeced" {rC+} (You found it in a wizard's laboratory)
 76377 | WizLab   | Got an ancient cloak
 76388 | WizLab   | Identified the +1 cloak "Thoar" {+Fly rN+ Int-2 Dex+2} (You found it in a wizard's laboratory)
 76968 | Depths:3 | Found a one-way gate to the infinite horrors of the Abyss.
 77365 | Depths:3 | Found a one-way gate leading to the halls of Pandemonium.
 77641 | Depths:3 | Got a flickering steel ring
 77643 | Depths:3 | Identified the ring of Heresy {+Inv rPois+ rF+ Int+4 Dex+4 Slay-3} (You found it on level 3 of the Depths)
 77970 | Depths:3 | Received a gift from Okawaru
 77994 | Depths:3 | Got a smoking dire flail
 78000 | Depths:3 | Identified the cursed -2 dire flail of Offence {freeze, rElec rPois- Dex+7 SInv} (You found it on level 3 of the Depths)
 78377 | Depths:3 | Reached XP level 26. HP: 229/262 MP: 35/35
 79733 | Depths:4 | Received a gift from Okawaru
 79737 | Depths:4 | Got a distressingly furry hat {god gift}
 79748 | Depths:4 | Identified the -1 hat of Parts Unknown {rN+ Dex+5} (Okawaru gifted it to you on level 4 of the Depths)
 80564 | Depths:4 | Identified the Tome of Supportive Flight
 80733 | Depths:5 | Entered Level 5 of the Depths
 80936 | Depths:5 | Found a runed door.
 80937 | Depths:5 | Found a runed door.
 81083 | Depths:5 | Reached skill level 15 in Evocations
 81445 | Depths:5 | Found a gate to the Realm of Zot.
 81615 | Depths:5 | Received a gift from Okawaru
 82252 | Depths:4 | Reached skill level 15 in Dodging
 82797 | Depths:5 | Found a runed warning-scrawled door.
 83155 | Zot:1    | Entered Level 1 of the Realm of Zot
 83242 | Zot:1    | Received a gift from Okawaru
 83672 | Zot:1    | Reached XP level 27. HP: 251/268 MP: 37/37
 84291 | Zot:2    | Found a blossoming altar of Fedhas.
 84295 | Zot:2    | Found a sacrificial altar of Ru.
 84332 | Zot:2    | Found a burning altar of Makhleb.
 85842 | Zot:2    | Reached skill level 10 in Invocations
 86035 | Zot:3    | Reached skill level 27 in Shields
 86052 | Zot:3    | Received a gift from Okawaru
 86983 | Zot:4    | Received a gift from Okawaru
 87953 | Zot:5    | Entered Level 5 of the Realm of Zot
 88451 | Zot:5    | Noticed an orb of fire
 88508 | Zot:5    | Gained mutation: You occasionally shout uncontrollably at your foes. [an orb of fire]
 88526 | Zot:5    | Gained mutation: You tend to lose your temper in combat. [an orb of fire]
 88530 | Zot:5    | Killed from afar by an orb of fire

Action                   |  1- 3 |  4- 6 |  7- 9 | 10-12 | 13-15 | 16-18 | 19-21 | 22-24 | 25-27 || total
-------------------------+-------+-------+-------+-------+-------+-------+-------+-------+-------++-------
Melee: Flail             |   108 |   161 |   346 |   163 |       |       |       |       |       ||   778
       Morningstar       |       |       |       |   614 |  1487 |  2256 |  2071 |  2191 |  2208 || 10827
       Whip              |       |       |       |   270 |       |       |       |       |       ||   270
       Lajatang          |       |       |       |    21 |       |       |       |       |       ||    21
       Dire flail        |       |       |       |       |       |    16 |       |       |       ||    16
       Demon whip        |       |       |       |       |       |       |       |       |   275 ||   275
 Cast: Blink             |       |       |       |       |     1 |       |       |       |       ||     1
       Repel Missiles    |       |       |       |       |     1 |       |       |       |       ||     1
Invok: Heroism           |       |       |       |    11 |    13 |    23 |    28 |    15 |    29 ||   119
       Finesse           |       |       |       |       |     3 |     2 |     6 |     7 |    10 ||    28
 Abil: Spit Poison       |       |       |       |       |     1 |     3 |       |       |       ||     4
       Blink             |       |       |       |       |       |     8 |       |       |       ||     8
       Evoke Teleport Co |       |       |       |       |       |     4 |       |       |     1 ||     5
Evoke: Wand              |       |       |     2 |    12 |     7 |    23 |     8 |     6 |    20 ||    78
       Rod               |       |       |       |       |       |     9 |    12 |       |       ||    21
  Use: Potion            |       |     4 |     2 |    12 |     6 |    17 |     4 |     7 |     6 ||    58
       Scroll            |       |     3 |     4 |    18 |    14 |    23 |    18 |    13 |    25 ||   118
 Stab: Confused          |       |       |       |       |     1 |       |       |       |     2 ||     3
  Eat: Chunk             |       |     5 |    14 |     9 |    36 |    54 |    41 |    10 |    34 ||   203
       Bread ration      |       |       |     1 |     4 |       |     1 |     1 |       |     2 ||     9
       Beef jerky        |       |       |       |     2 |     1 |     3 |     1 |       |       ||     7
       Pizza             |       |       |       |     1 |       |       |       |       |       ||     1
       Meat ration       |       |       |       |       |       |     2 |     2 |     3 |     1 ||     8
       Fruit             |       |       |       |       |       |       |       |    12 |     1 ||    13
       Royal jelly       |       |       |       |       |       |       |       |       |     1 ||     1
